 Dungeon Crawl Stone Soup version 0.30-a0-373-gd37427bb62 (webtiles) character file.

Game seed: 13898822464462552646

357 qeuew the Sneak (level 6, -4/24 HPs)
             Began as a Felid Enchanter on Nov 24, 2022.
             Slain by an ogre
             ... wielding a +0 giant club
              (28 damage)
             ... on level 4 of the Dungeon.
             The game lasted 00:07:57 (2966 turns).

qeuew the Sneak (Felid Enchanter)                   Turns: 2966, Time: 00:07:58

Health: -4/24      AC:  2    Str:  5    XL:     6   Next: 36%
Magic:  9/11       EV: 19    Int: 20    God:
Gold:   205        SH:  0    Dex: 16    Spells: 3/11 levels left
                                        Lives:  0   Deaths: 1

rFire   . . .      SeeInvis +      - Unarmed
rCold   . . .      Faith    .    (shield unavailable)
rNeg    . . .      Spirit   .    (body armour unavailable)
rPois   .          Reflect  .    (helmet unavailable)
rElec   .          Harm     .    (cloak unavailable)
rCorr   .          Rampage  .    (gloves unavailable)
Will    ++...                    (boots unavailable)
Stlth   ++++......               (no amulet)
HPRegen 0.24/turn                j - ring of wizardry
MPRegen 0.12/turn                (no ring)

@: quick
A: very small, claws 1, fangs 3, see invisible, speed 1, shaggy fur 2, stealthy
paws, no weapons or thrown items, no armour, multi-lived, clever 1,
strong-willed 2
a: no special abilities


You were on level 4 of the Dungeon.
You visited 1 branch of the dungeon, and saw 4 of its levels.

You collected 205 gold pieces.

Inventory:

Jewellery
 j - a ring of wizardry (left paw)
Scrolls
 d - 4 scrolls of teleportation
Potions
 a - 2 potions of invisibility
 b - 3 potions of mutation
 c - 2 potions of curing
 e - a potion of attraction {unknown}
 i - a potion of haste


   Skills:
 + Level 4.6 Dodging
 * Level 7.3 Stealth
 + Level 2.8 Unarmed Combat
 + Level 3.2 Spellcasting
 + Level 6.2 Hexes


You had 3 spell levels left.
You knew the following spells:

 Your Spells              Type           Power      Damage    Failure   Level
a - Ensorcelled Hibernat  Hex/Ice        30%        N/A       2%          2
b - Confusing Touch       Hex            28%        N/A       1%          3
c - Tukima's Dance        Hex            28%        N/A       1%          3

Your spell library contained the following spells:

 Spells                   Type           Power      Damage    Failure   Level
 Dazzling Flash           Conj/Hex       30%        N/A       4%          3
 Freeze                   Ice            12%        1d3       6%          1
 Sublimation of Blood     Necr           3%         N/A       9%          2
 Frozen Ramparts          Ice            6%         1d1       16%         3
 Hailstorm                Conj/Ice       3%         3d3       16%         3
 Ice Form                 Ice/Tmut       3%         N/A       45%         4
 Petrify                  Tmut/Erth      3%         N/A       45%         4
 Irradiate                Conj/Tmut      1%         3d12      80%         5
 Simulacrum               Ice/Necr       1%         N/A       100%        6


Dungeon Overview and Level Annotations

Branches:
Dungeon (4/15)
 Temple: D:4-7

Altars:
Dithmenos
Hepliaklqana

Shops:
D:2 =


Innate Abilities, Weirdness & Mutations

You have sharp claws.
You have razor-sharp teeth.
You have supernaturally acute eyesight. (SInv)
You cover ground quickly. (Speed+)
You are covered in thick fur. (AC +2)
Your paws help you pounce on unaware monsters.
You are incapable of wielding weapons or throwing items.
You cannot wear armour.
You gain extra lives every three experience levels.
Your mind is acute. (Int +4, Str/Dex -1)
You are highly strong-willed. (Will++)


Message History

No target in view!
No target in view!
No target in view!
Things that are here:
a +0 club; 4 stones
c - 2 potions of curing (gained 1)
An iguana comes into view.
An iguana is nearby!
An iguana is nearby!
An iguana is nearby!
The helpless iguana fails to defend itself.
You mangle the iguana!!
You kill the iguana!
No target in view!
No target in view!
No target in view!
A quokka comes into view.
A quokka is nearby!
A quokka is nearby!
You pounce on the unaware helpless quokka!
You mangle the quokka!!
You kill the quokka!
No target in view!
No target in view!
No target in view!
No target in view!
No target in view!
An ogre comes into view. It is wielding a +0 giant club.
An ogre is nearby!
An ogre is nearby!
The ogre shouts!
The ogre misses you.
You scratch the ogre but do no damage.
The ogre looks drowsy...
You pounce on the unaware helpless ogre!
You mangle the ogre!!
The ogre is severely wounded.
The ogre hits you with a +0 giant club!!
Ouch! That really hurt!
You die...

#.# #.# #.# #.# #.#
### #.# ... #.# ..#
#.#
##############.####
#.#
......O@...........
#.#
###########..#####
#(# ##.## #.# #..#
..# #.#.#######
#.## #.#
#.#.......# ##.#
#.#
#.#.......###..#
#.#
#.#....†......##
#.# #.#........####
#.#


You could see an ogre.

Vanquished Creatures
  Sigmund (D:3)
  A black bear (D:4)
  A necrophage (D:4)
  An orc priest (D:3)
  An iguana (D:4)
  Robin (D:4)
  2 adders
  5 orcs (D:3)
  4 ball pythons
  9 endoplasms
  3 giant cockroaches
  13 goblins
  7 hobgoblins
  8 kobolds
  5 quokkas
  7 bats
  A frilled lizard (D:3)
  4 rats
74 creatures vanquished.

Notes
Turn   | Place    | Note
-------+----------+-------------------------------------------
     0 | D:1      | qeuew the Felid Enchanter began the quest for the Orb.
     0 | D:1      | Reached XP level 1. HP: 7/7 MP: 4/4
   166 | D:1      | Reached XP level 2. HP: 11/11 MP: 6/6
   169 | D:1      | Learned a level 2 spell: Ensorcelled Hibernation
   901 | D:1      | Gained mutation: You are strong-willed. (Will+) [potion of
                  | mutation]
   901 | D:1      | Gained mutation: You are highly strong-willed. (Will++)
                  | [potion of mutation]
   901 | D:1      | Gained mutation: Your mind is acute. (Int +4, Str/Dex -1)
                  | [potion of mutation]
  1090 | D:2      | Reached XP level 3. HP: 14/14 MP: 7/7
  1178 | D:2      | Found Cayciqinn's Jewellery Shoppe.
  1671 | D:2      | Learned a level 3 spell: Confusing Touch
  1847 | D:3      | Reached skill level 5 in Stealth
  1847 | D:3      | Reached skill level 5 in Hexes
  1847 | D:3      | Reached XP level 4. HP: 4/18 MP: 2/8
  1999 | D:3      | Found a hazy altar of Hepliaklqana.
  2195 | D:3      | Found a shadowy altar of Dithmenos.
  2269 | D:3      | Noticed Sigmund
  2288 | D:3      | Killed Sigmund
  2289 | D:3      | Reached skill level 6 in Stealth
  2289 | D:3      | Reached XP level 5. HP: 12/21 MP: 2/10
  2289 | D:3      | Gained mutation: You are covered in thick fur. (AC +2)
                  | [Felid growth]
  2289 | D:3      | Reached XP level 6. HP: 13/24 MP: 2/11
  2293 | D:3      | Learned a level 3 spell: Tukima's Dance
  2385 | D:4      | Slain by a black bear
  2386 | D:4      | Reached XP level 5. HP: -2/21 MP: 8/10
  2458 | D:4      | Killed a black bear
  2753 | D:4      | Noticed Robin
  2760 | D:4      | Killed Robin
  2793 | D:4      | Reached XP level 6. HP: 24/24 MP: 2/11
  2818 | D:4      | Reached skill level 7 in Stealth
  2966 | D:4      | Slain by an ogre

Illustrated notes

Levels and vault maps discovered:
D:1:      minmay_arrival_shattered_statue, layout_basic
D:2:      layout_loops_ring, serial_shops, shop
D:3:      layout_basic, mainiacjoe_overflow_24_doors,
          lemuel_coloured_pillars_altar, uniq_sigmund
D:4:      layout_basic, uniq_edmund, uniq_robin

Skill      XL: |  1  2  3  4  5  6 |
---------------+-------------------+-----
Dodging        | 3 4 |  4.6
Stealth        | 5 6 7 |  7.3
Hexes          | 5 6 |  6.2
Unarmed Combat | 2 |  2.8
Spellcasting   | 3 |  3.2

Action                   |  1- 3 |  4- 6 || total
-------------------------+-------+-------++-------
Melee: Unarmed           |    72 |    81 ||   153
       Punch             |     1 |       ||     1
       Bite              |     4 |     4 ||     8
 Cast: Ensorcelled Hiber |     9 |    20 ||    29
       Confusing Touch   |       |     2 ||     2
  Use: Potion            |     5 |     1 ||     6
       Scroll            |     6 |     4 ||    10
 Stab: Sleeping          |    25 |    22 ||    47
       Invisible         |       |     2 ||     2
       Confused          |       |     1 ||     1
Armor: Skin              |     3 |     8 ||    11
Dodge: Dodged            |    40 |    69 ||   109

Table legend: (Time is in decaauts)
 A = Elapsed time spent in this place.
 B = Non-inter-level travel time spent in this place.
 C = Inter-level travel time spent in this place.
 D = Time resting spent in this place.
 E = Time spent auto-exploring this place.
 F = Levels seen in this place.
 G = Mean time per level.
                   A        B        C        D        E       F      G
               +--------+--------+--------+--------+--------+-----+--------+
         Total |   2535 |   2464 |     71 |      0 |   1966 |   4 |  633.8 |
       Dungeon |   2535 |   2464 |     71 |      0 |   1966 |   4 |  633.8 |
               +--------+--------+--------+--------+--------+-----+--------+

Top non-repeatable levels by time:
     D:1: 803 daAuts
     D:2: 646 daAuts
     D:3: 566 daAuts
     D:4: 518 daAuts
